 Dungeon Crawl Stone Soup version 0.31-a0-408-gb642c7f9a3 (webtiles) character file.

Game seed: 8072654312046007876

56 CraigForest the Slasher (level 4, -1/34 HPs)
             Began as a Formicid Gladiator on July 29, 2023.
             Slain by a cerulean imp
             ... wielding a +1 spear
             ... summoned by Natasha
              (5 damage)
             ... on level 2 of the Dungeon.
             The game lasted 00:06:00 (1280 turns).

CraigForest the Slasher (Formicid Gladiator)        Turns: 1280, Time: 00:06:01

Health: -1/34      AC:  5    Str: 18    XL:     4   Next: 17%
Magic:  4/4        EV: 12    Int:  8    God:
Gold:   65         SH:  0    Dex: 17    Spells: 3/3 levels left

rFire   . . .        a - +0 long sword
rCold   . . .        (no shield)
rNeg    . . .        f - +0 ring mail
rPois   .            (helmet unavailable)
rElec   .            (no cloak)
rCorr   .            (no gloves)
SInv    +            (no boots)
Will    .....        (no amulet)
Stlth   +            (no ring)
HPRegen 0.25/turn    (no ring)
MPRegen 0.09/turn

%: no passive effects
@: no status effects
A: permanent stasis, dig shafts and tunnels, antennae 3, four strong arms
a: Dig, Shaft Self


You were on level 2 of the Dungeon.
You visited 1 branch of the dungeon, and saw 2 of its levels.

You collected 65 gold pieces.

Inventory:

Hand Weapons
 a - a +0 long sword (weapon)
 m - a +0 whip of flaming
 o - a +1 dagger of speed
Missiles
 c - 3 throwing nets (quivered)
 d - a javelin
Armour
 b - a +0 leather armour
 f - a +0 ring mail (worn)
Scrolls
 h - 2 scrolls of silence {unknown}
 j - a scroll of identify {unknown}
 l - 2 scrolls of immolation {unknown}
 n - a scroll of revelation {unknown}
Potions
 e - 2 potions of curing {unknown}
 g - a potion of haste {unknown}
 i - a potion of magic {unknown}
 k - a potion of degeneration {unknown}


   Skills:
 + Level 2.5 Fighting
 + Level 3.6 Long Blades
 + Level 2.1 Throwing
 + Level 1.4 Armour
 + Level 3.2 Dodging


You had 3 spell levels left.
You didn't know any spells.
Your spell library contained the following spells:

 Spells                   Type           Power      Damage    Failure   Level
 Call Canine Familiar     Summ           0%         N/A       93%         3
 Portal Projectile        Hex/Tloc       0%         N/A       93%         3
 Leda's Liquefaction      Hex/Erth       0%         N/A       100%        4


Dungeon Overview and Level Annotations

Branches:
Dungeon (2/15)

Altars:

Annotations:
D:2 Natasha


Innate Abilities, Weirdness & Mutations

You cannot be hasted, slowed, berserked, paralysed or teleported.
You can dig through walls and to a lower floor.
You have a pair of large antennae on your head. (SInv)
Your four strong arms can wield two-handed weapons with a shield.


Message History

The cerulean imp hits you with a +1 spear.
Natasha claws you.
You miss Natasha.
The cerulean imp hits you with a +1 spear.
Natasha stares at you and mumbles some strange words.
The magic dart hits you.
You are too injured to fight recklessly!
You are too injured to fight recklessly!
You hit Natasha.
Natasha is moderately wounded.
The cerulean imp closely misses you. Natasha claws you but does no damage.
You closely miss Natasha.
Natasha is moderately wounded.
The cerulean imp hits you with a +1 spear.
Natasha claws you but does no damage.
The cerulean imp hits you but does no damage.
Natasha closely misses you.
You barely miss Natasha.
Natasha is moderately wounded.
The cerulean imp hits you but does no damage.
Natasha claws you.
* * * LOW HITPOINT WARNING * * *
You hit Natasha but do no damage.
Natasha is moderately wounded.
The cerulean imp hits you with a +1 spear.
* * * LOW HITPOINT WARNING * * *
Natasha closely misses you. Natasha attacks as you move away!
Natasha closely misses you.
The cerulean imp hits you with a +1 spear.
* * * LOW HITPOINT WARNING * * *
The cerulean imp closely misses you.
The cerulean imp attacks as you move away!
The cerulean imp hits you but does no damage.
Natasha casts a spell at you. You resist with some effort.
The cerulean imp misses you.
Natasha mumbles some strange words.
You see here a bat corpse.
The cerulean imp attacks as you move away!
The cerulean imp hits you with a +1 spear.
You die...

.....#### #.#
...)....# ...
.....##.# #.#
#....##.######. #.#
#.<#........... #.#
....###.#######
#.## #...###.####
#{.## #..........#
#####h#.#
##..÷#.....#
#..@5...#
#.)........#
#<####..#
#....#.....#
#.####..#
#.####÷....#
#.##....#
#.......####
#.##.##.# #..####.#
#.##.##.# #..####.#
#..)....# #.....#.#
######.####
##.##.#.####......#


You could see Natasha and a cerulean imp (summoned).

Vanquished Creatures
  An adder (D:2)
  2 dart slugs
  5 bats
  4 endoplasms
  3 giant cockroaches
  5 goblins
  7 hobgoblins
  3 kobolds (D:2)
  2 quokkas (D:2)
  A ball python (D:2)
  A frilled lizard (D:1)
  4 rats
38 creatures vanquished.

Notes
Turn   | Place    | Note
-------+----------+-------------------------------------------
     0 | D:1      | CraigForest the Formicid Gladiator began the quest for the
                  | Orb.
     0 | D:1      | Reached XP level 1. HP: 16/16 MP: 1/1
   178 | D:1      | Reached XP level 2. HP: 20/22 MP: 2/2
   423 | D:1      | Reached XP level 3. HP: 14/28 MP: 3/3
   835 | D:2      | Reached skill level 1 in Armour
   942 | D:2      | Reached XP level 4. HP: 32/34 MP: 4/4
  1265 | D:2      | Noticed Natasha
  1280 | D:2      | Slain by a cerulean imp

Illustrated notes

Levels and vault maps discovered:
D:1:      spicycebolla_arrival_ecumenical, layout_basic, minivault_26
D:2:      layout_loops_cross, kennysheep_generic_room_3, uniq_natasha

Skill      XL: |  1  2  3 |
---------------+----------+-----
Dodging        | 3 |  3.2
Armour         | 1 |  1.4
Fighting       | |  2.5
Long Blades    | |  3.6
Throwing       | |  2.1

Action                     |  1- 3 |  4- 6 || total
---------------------------+-------+-------++-------
  Melee: Long sword        |    89 |    47 ||   136
 Armour: Ring mail         |    30 |    36 ||    66
  Dodge: Dodged            |    55 |    61 ||   116

Table legend: (Time is in decaauts)
 A = Elapsed time spent in this place.
 B = Non-inter-level travel time spent in this place.
 C = Inter-level travel time spent in this place.
 D = Time resting spent in this place.
 E = Time spent auto-exploring this place.
 F = Levels seen in this place.
 G = Mean time per level.
                   A        B        C        D        E       F      G
               +--------+--------+--------+--------+--------+-----+--------+
         Total |   1311 |   1075 |    236 |      0 |    638 |   2 |  655.5 |
       Dungeon |   1311 |   1075 |    236 |      0 |    638 |   2 |  655.5 |
               +--------+--------+--------+--------+--------+-----+--------+

Top non-repeatable levels by time:
     D:1: 660 daAuts
     D:2: 651 daAuts
